| TOP OF THE 1ST |
|
Kansas City Royals batting - Pitching for Cleveland Guardians : LHP Heath Ryland
|
|
Pitching: LHP Heath Ryland
|
|
|
Batting: LHB Mike Meyerhoff
|
0-0: Ball 1-0: Called Strike 1-1: Ball 2-1: Ball 3-1: Base on Balls
|
|
Pitching: RHP Matt Zambon
|
|
|
Batting: RHB Matt Belgard
|
0-0: Ball Mike Meyerhoff steals 2nd base 1-0: Ball 2-0: Bunted foul 2-1: Reached on error, E1 (Groundball, 15S, EV 43.8 MPH) Mike Meyerhoff scores
|
|
Batting: SHB Gil Switzer
|
0-0: Called Strike 0-1: Called Strike 0-2: Strikes out swinging
|
|
Batting: RHB Adam Martin
|
0-0: Ball 1-0: Ball 2-0: Called Strike 2-1: Ball 3-1: Base on Balls
|
|
Batting: LHB Roman Downey
|
0-0: Ball 1-0: Foul Ball, location: 2F 1-1: Ball 2-1: 3-RUN HOME RUN (Flyball, 9LD, EV 92.5 MPH), Distance : 338 ft
|
|
Pitching: RHP Paul Lewis
|
|
|
Batting: LHB Bill Baconneck
|
0-0: Called Strike 0-1: Foul Ball, location: 2F 0-2: Ball 1-2: SINGLE (Groundball, 56D, EV 104.4 MPH)
|
|
Batting: RHB Mikolas Markus
|
0-0: Called Strike 0-1: Ball 1-1: Ball 2-1: Ball 3-1: Base on Balls Bill Baconneck to second
|
|
Batting: LHB Pete Hansel
|
0-0: Ball 1-0: Foul Ball, location: 2F 1-1: Ball 2-1: Ball 3-1: Foul Ball, location: 2F 3-2: Foul Ball, location: 2F 3-2: Strikes out swinging
|
|
Batting: RHB Kevin Roseen
|
0-0: Ball 1-0: Fly out, F6 (Popup, 6M, EV 58.1 MPH)
|
| Top of the 1st over - 4 runs, 2 hits, 1 error, 2 left on base; Kansas City 4 - Cleveland 0 |
| BOTTOM OF THE 1ST |
|
Cleveland Guardians batting - Pitching for Kansas City Royals : RHP Bryan Boykin
|
|
Pitching: RHP Bryan Boykin
|
|
|
Batting: RHB Rick O'Reilly
|
0-0: Ball 1-0: Foul Ball, location: 2F 1-1: Called Strike 1-2: Strikes out swinging
|
|
Batting: RHB Jasper Burd
|
0-0: Ground out 5-3 (Groundball, 56, EV 86.2 MPH)
|
|
Batting: RHB Mike Salmon
|
0-0: Called Strike 0-1: Ball 1-1: Ball 2-1: Ball 3-1: Base on Balls
|
|
Batting: RHB Christian Blue
|
0-0: Called Strike 0-1: Foul Ball, location: 2F 0-2: Strikes out looking
|
| Bottom of the 1st over - 0 runs, 0 hits, 0 errors, 1 left on base; Kansas City 4 - Cleveland 0 |
| TOP OF THE 2ND |
|
Kansas City Royals batting - Pitching for Cleveland Guardians : RHP Paul Lewis
|
|
Pitching: RHP Andy Coats
|
|
|
Batting: LHB Mike Meyerhoff
|
0-0: Swinging Strike 0-1: Ball 1-1: Ball 2-1: Swinging Strike 2-2: Ball 3-2: Fly out, F7 (Flyball, 7LS, EV 88.1 MPH)
|
|
Batting: RHB Matt Belgard
|
0-0: Called Strike 0-1: Swinging Strike 0-2: Ball 1-2: Ball 2-2: Ball 3-2: Fly out, F8 (Flyball, 8LXD, EV 88.8 MPH)
|
|
Batting: SHB Gil Switzer
|
0-0: Ground out U3 (Groundball, 34, EV 84.4 MPH)
|
| Top of the 2nd over - 0 runs, 0 hits, 0 errors, 0 left on base; Kansas City 4 - Cleveland 0 |
| BOTTOM OF THE 2ND |
|
Cleveland Guardians batting - Pitching for Kansas City Royals : RHP Bryan Boykin
|
|
Batting: SHB Valentin Laporte
|
0-0: Ball 1-0: SINGLE (Flyball, 8LS, EV 92.5 MPH)
|
|
Batting: LHB Corey Trevor
|
0-0: Foul Ball, location: 2F 0-1: Foul Ball, location: 2F 0-2: Strikes out swinging
|
|
Batting: RHB Aaron Matthews
|
0-0: Ball 1-0: Foul Ball, location: 2F 1-1: SINGLE (Groundball, 56D, EV 109.4 MPH) Valentin Laporte to second Runner from 2nd tries for 3rd, SAFE, throw by LF made to third Aaron Matthews to second
|
|
Batting: RHB Terry Baginski
|
0-0: Ball 1-0: Ball 2-0: Ball 3-0: Base on Balls
|
|
Batting: RHB George Wagner
|
0-0: Ball 1-0: Foul Ball, location: 2F 1-1: Swinging Strike 1-2: Ball 2-2: Strikes out swinging
|
|
Batting: RHB Rick O'Reilly
|
0-0: Called Strike 0-1: Ball 1-1: Ball 2-1: Ball 3-1: Base on Balls Valentin Laporte scores Aaron Matthews to third Terry Baginski to second
|
|
Batting: RHB Jasper Burd
|
0-0: Swinging Strike 0-1: Foul Ball, location: 2F 0-2: Strikes out swinging
|
| Bottom of the 2nd over - 1 run, 2 hits, 0 errors, 3 left on base; Kansas City 4 - Cleveland 1 |
| TOP OF THE 3RD |
|
Kansas City Royals batting - Pitching for Cleveland Guardians : RHP Andy Coats
|
|
Batting: RHB Adam Martin
|
0-0: Ball 1-0: Called Strike 1-1: Foul Ball, location: 2F 1-2: Foul Ball, location: 2F 1-2: Ground out U3 (Groundball, 3S, EV 86.9 MPH)
|
|
Batting: LHB Roman Downey
|
0-0: Called Strike 0-1: Ball 1-1: Ball 2-1: Foul Ball, location: 2F 2-2: Ball 3-2: Foul Ball, location: 2F 3-2: Base on Balls
|
|
Pitching: RHP Ferdi Schipper
|
|
|
Batting: LHB Bill Baconneck
|
0-0: Ball 1-0: Swinging Strike 1-1: Foul Ball, location: 2F 1-2: Ball 2-2: Fly out, F8 (Flyball, 8LM, EV 95.6 MPH)
|
|
Batting: RHB Mikolas Markus
|
0-0: Ball 1-0: Foul Ball, location: 2F 1-1: Ground out U3 (Groundball, 3, EV 86.2 MPH)
|
| Top of the 3rd over - 0 runs, 0 hits, 0 errors, 1 left on base; Kansas City 4 - Cleveland 1 |
| BOTTOM OF THE 3RD |
|
Cleveland Guardians batting - Pitching for Kansas City Royals : RHP Bryan Boykin
|
|
Batting: RHB Mike Salmon
|
0-0: Ball 1-0: Ball 2-0: Called Strike 2-1: Swinging Strike 2-2: Ball 3-2: Foul Ball, location: 2F 3-2: Base on Balls
|
|
Batting: RHB Christian Blue
|
0-0: Ball 1-0: Foul Ball, location: 2F 1-1: Called Strike 1-2: Strikes out looking
|
|
Batting: SHB Valentin Laporte
|
0-0: Called Strike 0-1: Fly out, F9 (Flyball, 89M, EV 97.5 MPH)
|
|
Batting: LHB Corey Trevor
|
0-0: Foul Ball, location: 2F 0-1: Foul Ball, location: 2F 0-2: Ball 1-2: Ball 2-2: Foul Ball, location: 2F 2-2: Fly out, F8 (Flyball, 8LD, EV 95.0 MPH)
|
| Bottom of the 3rd over - 0 runs, 0 hits, 0 errors, 1 left on base; Kansas City 4 - Cleveland 1 |
| TOP OF THE 4TH |
|
Kansas City Royals batting - Pitching for Cleveland Guardians : RHP Ferdi Schipper
|
|
Batting: LHB Pete Hansel
|
0-0: Ball 1-0: Ball 2-0: Swinging Strike 2-1: Ball 3-1: Called Strike 3-2: Strikes out swinging
|
|
Batting: RHB Kevin Roseen
|
0-0: Called Strike 0-1: Fly out, F9 (Line Drive, 9, EV 110.0 MPH)
|
|
Batting: LHB Mike Meyerhoff
|
0-0: Called Strike 0-1: Ball 1-1: Ball 2-1: Ball 3-1: Ground out 4-3 (Groundball, 4, EV 103.1 MPH)
|
| Top of the 4th over - 0 runs, 0 hits, 0 errors, 0 left on base; Kansas City 4 - Cleveland 1 |
| BOTTOM OF THE 4TH |
|
Cleveland Guardians batting - Pitching for Kansas City Royals : RHP Bryan Boykin
|
|
Batting: RHB Aaron Matthews
|
0-0: Foul Ball, location: 2F 0-1: Ball 1-1: Swinging Strike 1-2: Strikes out swinging
|
|
Batting: RHB Terry Baginski
|
0-0: Called Strike 0-1: Ball 1-1: Fly out, F8 (Flyball, 8LD, EV 96.2 MPH)
|
|
Batting: RHB George Wagner
|
0-0: Called Strike 0-1: Ground out 3-1 (Groundball, 34S, EV 81.9 MPH)
|
| Bottom of the 4th over - 0 runs, 0 hits, 0 errors, 0 left on base; Kansas City 4 - Cleveland 1 |
| TOP OF THE 5TH |
|
Kansas City Royals batting - Pitching for Cleveland Guardians : RHP Ferdi Schipper
|
|
Pitching: RHP Ryan Southerland
|
|
|
Now at 1B: Jesus Lozano
|
|
|
Now at 2B: Scott Scott
|
|
|
Now at 3B: Jasper Burd
|
|
|
Now in CF: Chad Thompson
|
|
|
Batting: RHB Matt Belgard
|
0-0: Called Strike 0-1: Swinging Strike 0-2: Strikes out swinging, 2-3 out at first.
|
|
Batting: SHB Gil Switzer
|
0-0: Swinging Strike 0-1: Ball 1-1: Foul Ball, location: 2F 1-2: Fly out, F6 (Popup, 6, EV 57.5 MPH)
|
|
Pinch Hitting: LHB Manny Estrada
|
0-0: Ball 1-0: Ball 2-0: Ball 3-0: Called Strike 3-1: Called Strike 3-2: Ground out 5-3 (Groundball, 56, EV 85.0 MPH)
|
| Top of the 5th over - 0 runs, 0 hits, 0 errors, 0 left on base; Kansas City 4 - Cleveland 1 |
| BOTTOM OF THE 5TH |
|
Cleveland Guardians batting - Pitching for Kansas City Royals : RHP Bryan Boykin
|
|
Pitching: LHP Tyler Abraham
|
|
|
Now at 1B: Manny Estrada
|
|
|
Now at 3B: Yuichi Takata
|
|
|
Now at SS: Jose Pacheco
|
|
|
Now in CF: Walt Cogswell
|
|
|
Now in RF: Robby Diaz
|
|
|
Pinch Hitting: LHB Hector Pedroso
|
0-0: Foul Ball, location: 2F 0-1: Foul Ball, location: 2F 0-2: Ball 1-2: Foul Ball, location: 2F 1-2: SINGLE (Groundball, 34D, EV 93.8 MPH)
|
|
Batting: RHB Jasper Burd
|
0-0: Ball 1-0: Called Strike 1-1: Called Strike 1-2: Fielders Choice at 2nd, 1-4 (Groundball, 15S, EV 74.4 MPH)
|
|
Batting: RHB David Casas
|
0-0: Called Strike 0-1: Called Strike 0-2: Ball 1-2: Ball 2-2: Ball 3-2: Base on Balls Jasper Burd to second
|
|
Pinch Hitting: RHB Danny Anderson
|
0-0: Ball Wild Pitch! Jasper Burd to third David Casas to second 1-0: Ball 2-0: Ball 3-0: Called Strike 3-1: Foul Ball, location: 2F 3-2: Foul Ball, location: 2F 3-2: 3-RUN HOME RUN (Flyball, 9LD, EV 95.0 MPH), Distance : 340 ft
|
|
Pitching: RHP Ken Hall
|
|
|
Pinch Hitting: LHB Danny Dunham
|
0-0: Ground out 6-3 (Groundball, 6, EV 107.5 MPH)
|
|
Pinch Hitting: LHB Tyler Babbitt
|
0-0: Called Strike 0-1: Fly out, F8 (Flyball, 8LD, EV 85.6 MPH)
|
| Bottom of the 5th over - 3 runs, 2 hits, 0 errors, 0 left on base; Kansas City 4 - Cleveland 4 |
| TOP OF THE 6TH |
|
Kansas City Royals batting - Pitching for Cleveland Guardians : RHP Ryan Southerland
|
|
Now at 1B: Danny Dunham
|
|
|
Now in LF: Hector Pedroso
|
|
|
Now in CF: John Harring
|
|
|
Now in RF: Tyler Babbitt
|
|
|
Batting: SHB Jose Pacheco
|
0-0: Ball 1-0: Foul Ball, location: 2F 1-1: Foul Ball, location: 2F 1-2: Ball 2-2: DOUBLE (Line Drive, 9LS, EV 108.8 MPH)
|
|
Batting: LHB Justin Rupert
|
0-0: Called Strike 0-1: Ball 1-1: Foul Ball, location: 2F 1-2: Foul Ball, location: 2F 1-2: Strikes out swinging
|
|
Pitching: RHP Joe Zeiset
|
|
|
Batting: LHB Robby Diaz
|
0-0: Ball 1-0: Swinging Strike 1-1: Ball 2-1: Foul Ball, location: 2F 2-2: Strikes out swinging
|
|
Batting: RHB Walt Cogswell
|
0-0: Ball 1-0: Ball 2-0: Called Strike 2-1: Ball 3-1: Fly out, F8 (Flyball, 8RD, EV 103.1 MPH)
|
| Top of the 6th over - 0 runs, 1 hit, 0 errors, 1 left on base; Kansas City 4 - Cleveland 4 |
| BOTTOM OF THE 6TH |
|
Cleveland Guardians batting - Pitching for Kansas City Royals : RHP Ken Hall
|
|
Now in LF: Ryoji Hiraoka
|
|
|
Batting: RHB Aaron Matthews
|
0-0: Ball 1-0: Ball 2-0: SINGLE (Line Drive, 56D, EV 98.1 MPH)
|
|
Batting: RHB Terry Baginski
|
0-0: Foul Ball, location: 2F 0-1: Ball 1-1: Bunted foul 1-2: Grounds into double play, 4-6-3 (Groundball, 4M, EV 89.4 MPH)
|
|
Batting: SHB Scott Scott
|
0-0: Ball 1-0: Swinging Strike 1-1: Swinging Strike 1-2: Ball 2-2: Ball 3-2: Foul Ball, location: 2F 3-2: Foul Ball, location: 2F 3-2: Foul Ball, location: 2F 3-2: Foul Ball, location: 2F 3-2: Strikes out looking
|
| Bottom of the 6th over - 0 runs, 1 hit, 0 errors, 0 left on base; Kansas City 4 - Cleveland 4 |
| TOP OF THE 7TH |
|
Kansas City Royals batting - Pitching for Cleveland Guardians : RHP Joe Zeiset
|
|
Pitching: RHP Ben Sheets
|
|
|
Batting: RHB Kevin Roseen
|
0-0: Swinging Strike 0-1: Ball 1-1: Ball 2-1: Ball 3-1: Swinging Strike 3-2: Strikes out looking
|
|
Batting: RHB Yuichi Takata
|
0-0: Called Strike 0-1: Ball 1-1: Foul Ball, location: 2F 1-2: Ball 2-2: Ground out U3 (Groundball, 34, EV 107.5 MPH)
|
|
Pinch Hitting: RHB Ken Postlethwaite
|
0-0: Foul Ball, location: 2F 0-1: Foul Ball, location: 2F 0-2: Ball 1-2: Ball 2-2: Ground out 6-3 (Groundball, 6, EV 81.2 MPH)
|
| Top of the 7th over - 0 runs, 0 hits, 0 errors, 0 left on base; Kansas City 4 - Cleveland 4 |
| BOTTOM OF THE 7TH |
|
Cleveland Guardians batting - Pitching for Kansas City Royals : RHP Ken Hall
|
|
Pitching: RHP Gan Ts'ong
|
|
|
Now at 2B: Ken Postlethwaite
|
|
|
Batting: LHB Hector Pedroso
|
0-0: Called Strike 0-1: Ground out 4-3 (Groundball, 4, EV 88.1 MPH)
|
|
Batting: RHB Jasper Burd
|
0-0: Foul Ball, location: 2F 0-1: Fly out, F7 (Flyball, 7, EV 85.0 MPH)
|
|
Batting: RHB David Casas
|
0-0: Foul Ball, location: 2F 0-1: Ball 1-1: Called Strike 1-2: Foul Ball, location: 2F 1-2: Ball 2-2: SINGLE (Groundball, 56S, EV 75.0 MPH) (infield hit)
|
|
Batting: LHB John Harring
|
0-0: Fly out, F7 (Flyball, 78S, EV 88.1 MPH)
|
| Bottom of the 7th over - 0 runs, 1 hit, 0 errors, 1 left on base; Kansas City 4 - Cleveland 4 |
| TOP OF THE 8TH |
|
Kansas City Royals batting - Pitching for Cleveland Guardians : RHP Ben Sheets
|
|
Pitching: RHP Chris Cohen
|
|
|
Batting: SHB Ryoji Hiraoka
|
0-0: Called Strike 0-1: Ball 1-1: Foul Ball, location: 2F 1-2: Strikes out looking and he ARGUES THE CALL AND IS TOSSED!
|
|
Batting: LHB Manny Estrada
|
0-0: Fly out, F9 (Flyball, 9, EV 82.5 MPH)
|
|
Batting: SHB Jose Pacheco
|
0-0: Ball 1-0: Called Strike 1-1: Ball 2-1: Swinging Strike 2-2: Ground out 6-3 (Groundball, 6, EV 107.5 MPH)
|
| Top of the 8th over - 0 runs, 0 hits, 0 errors, 0 left on base; Kansas City 4 - Cleveland 4 |
| BOTTOM OF THE 8TH |
|
Cleveland Guardians batting - Pitching for Kansas City Royals : RHP Gan Ts'ong
|
|
Pitching: LHP John Brooks
|
|
|
Now in LF: Taisei Fujii
|
|
|
Pinch Hitting: RHB Ricky Deen
|
0-0: Ball 1-0: Called Strike 1-1: Fly out, F8 (Flyball, 8LM, EV 93.8 MPH)
|
|
Pinch Hitting: RHB Josh Hoeye
|
0-0: SINGLE (Flyball, 4D, EV 89.4 MPH)
|
|
Batting: RHB Aaron Matthews
|
Pickoff Throw to First - Out! 1-3 0-0: Called Strike 0-1: Ball 1-1: Foul Ball, location: 2F 1-2: Ball 2-2: Foul Ball, location: 2F 2-2: Fly out, F6 (Line Drive, 6, EV 71.2 MPH)
|
| Bottom of the 8th over - 0 runs, 1 hit, 0 errors, 0 left on base; Kansas City 4 - Cleveland 4 |
| TOP OF THE 9TH |
|
Kansas City Royals batting - Pitching for Cleveland Guardians : RHP Chris Cohen
|
|
Pitching: RHP Dennis Beals
|
|
|
Now at 1B: Brent Albertson
|
|
|
Now in RF: Nick Ogle
|
|
|
Batting: LHB Justin Rupert
|
0-0: Ball 1-0: SINGLE (Groundball, 34D, EV 98.8 MPH)
|
|
Batting: LHB Robby Diaz
|
0-0: Ball 1-0: Foul Ball, location: 2F 1-1: Called Strike 1-2: Foul Ball, location: 2F 1-2: Ball 2-2: Strikes out swinging
|
|
Batting: RHB Walt Cogswell
|
0-0: Foul Ball, location: 2F 0-1: Called Strike 0-2: Strikes out swinging
|
|
Batting: RHB Kevin Roseen
|
0-0: Foul Ball, location: 2F 0-1: Fielders Choice at 2nd, 6-4 (Groundball, 6, EV 106.2 MPH)
|
| Top of the 9th over - 0 runs, 1 hit, 0 errors, 1 left on base; Kansas City 4 - Cleveland 4 |
| BOTTOM OF THE 9TH |
|
Cleveland Guardians batting - Pitching for Kansas City Royals : LHP John Brooks
|
|
Pitching: RHP Matthew Orphan
|
|
|
Pinch Hitting: RHB Nick Sharp
|
0-0: Called Strike 0-1: Swinging Strike 0-2: Foul Ball, location: 2F 0-2: Strikes out looking
|
|
Batting: SHB Scott Scott
|
0-0: Called Strike 0-1: Called Strike 0-2: Ground out U3 (Groundball, 3S, EV 84.4 MPH)
|
|
Batting: LHB Hector Pedroso
|
0-0: Foul Ball, location: 2F 0-1: Fly out, F6 (Popup, 6MS, EV 68.8 MPH)
|
| Bottom of the 9th over - 0 runs, 0 hits, 0 errors, 0 left on base; Kansas City 4 - Cleveland 4 |
| TOP OF THE 10TH |
|
Kansas City Royals batting - Pitching for Cleveland Guardians : RHP Dennis Beals
|
|
Pitching: LHP Chris Thurner
|
|
|
Now at C: Nick Sharp
|
|
|
Batting: RHB Yuichi Takata
|
0-0: Ball 1-0: Fly out, F8 (Flyball, 78M, EV 76.2 MPH)
|
|
Batting: RHB Ken Postlethwaite
|
0-0: Ball 1-0: Ball 2-0: Ground out 5-3 (Groundball, 5, EV 103.8 MPH)
|
|
Batting: RHB Taisei Fujii
|
0-0: Called Strike 0-1: Swinging Strike 0-2: Ground out 5-3 (Groundball, 56, EV 81.9 MPH)
|
| Top of the 10th over - 0 runs, 0 hits, 0 errors, 0 left on base; Kansas City 4 - Cleveland 4 |
| BOTTOM OF THE 10TH |
|
Cleveland Guardians batting - Pitching for Kansas City Royals : RHP Matthew Orphan
|
|
Pitching: RHP Brandon Ferrari
|
|
|
Batting: RHB Jasper Burd
|
0-0: Ball 1-0: Ball 2-0: Called Strike 2-1: Swinging Strike 2-2: Ground out 4-3 (Groundball, 4, EV 80.0 MPH)
|
|
Batting: RHB David Casas
|
0-0: Called Strike 0-1: Foul Ball, location: 2F 0-2: Ball 1-2: Strikes out swinging
|
|
Batting: LHB John Harring
|
0-0: Called Strike 0-1: Foul Ball, location: 2F 0-2: Ball 1-2: Foul Ball, location: 2F 1-2: Ball 2-2: Strikes out looking
|
| Bottom of the 10th over - 0 runs, 0 hits, 0 errors, 0 left on base; Kansas City 4 - Cleveland 4 |
| TOP OF THE 11TH |
|
Kansas City Royals batting - Pitching for Cleveland Guardians : LHP Chris Thurner
|
|
Pitching: RHP En-guo Tsu
|
|
|
Pinch Hitting: RHB Chang-keun Baik
|
0-0: Called Strike 0-1: Called Strike 0-2: Foul Ball, location: 2F 0-2: Ball 1-2: Foul Ball, location: 2F 1-2: Strikes out swinging
|
|
Batting: SHB Jose Pacheco
|
0-0: Ball 1-0: Ground out 6-3 (Groundball, 6, EV 90.6 MPH)
|
|
Batting: RHB Mike Jaquez
|
0-0: Called Strike 0-1: Foul Ball, location: 2F 0-2: Strikes out swinging
|
| Top of the 11th over - 0 runs, 0 hits, 0 errors, 0 left on base; Kansas City 4 - Cleveland 4 |
| BOTTOM OF THE 11TH |
|
Cleveland Guardians batting - Pitching for Kansas City Royals : RHP Brandon Ferrari
|
|
Pitching: LHP Walter Whiteman
|
|
|
Now at 1B: Chang-keun Baik
|
|
|
Batting: RHB Nick Ogle
|
0-0: Ball 1-0: Ball 2-0: Called Strike 2-1: Ground out 6-3 (Groundball, 6, EV 108.1 MPH)
|
|
Batting: LHB Brent Albertson
|
0-0: Ground out 4-3 (Groundball, 4, EV 82.5 MPH)
|
|
Batting: RHB Aaron Matthews
|
0-0: SINGLE (Line Drive, 34, EV 96.9 MPH)
|
|
Batting: RHB Nick Sharp
|
0-0: DOUBLE (Groundball, 5L, EV 94.4 MPH) Aaron Matthews to third Runner from 3rd tries for Home, SAFE, throw by LF to trailing runner, SAFE at third!
|
| Bottom of the 11th over - 1 run, 2 hits, 0 errors, 1 left on base; Kansas City 4 - Cleveland 5 |
|